 Dungeon Crawl Stone Soup version 0.19.1 (webtiles) character file.

280519 GordonOverkill the Hoplite (level 20, 0/178 HPs)
             Began as a Hill Orc Berserker on Dec 4, 2016.
             Was a High Priest of Trog.
             Killed by vampiric draining
             ... invoked by a deep elf death mage
              (11 damage)
             ... on level 3 of the Elven Halls on Dec 5, 2016.
             The game lasted 03:09:11 (52479 turns).

GordonOverkill the Hoplite (Hill Orc Berserker)    Turns: 52479, Time: 03:09:12

Health: 0/178      AC: 22    Str: 23    XL:     20   Next: 88%
Magic:  26/26      EV: 17    Int: 10    God:    Trog [*****.]
Gold:   1271       SH: 26    Dex: 16    Spells: 0 memorised, 19 levels left

rFire  + + .     SeeInvis .     p - +8 demon trident (drain)
rCold  . . .     Gourm    .     g - +0 fire dragon scales
rNeg   . . .     Faith    .     r - +2 large shield
rPois  .         Spirit   .     T - +0 helmet {Int+3}
rElec  .         Reflect  .     n - +0 cloak
rCorr  .         Harm     .     X - +2 pair of gloves
MR     ++...                    (no boots)
Stlth  ..........               M - amulet of regeneration
                                U - ring of protection from cold
                                j - ring of protection from magic

@: exhausted, slowed, very slow
A: molten scales 1, screaming 1
a: Berserk, Trog's Hand, Brothers in Arms, Burn Spellbooks, Renounce Religion
}: 1/15 runes: barnacled


You were on level 3 of the Elven Halls.
You worshipped Trog.
Trog was extremely pleased with you.
You were near starving.

You visited 6 branches of the dungeon, and saw 32 of its levels.
You also visited: Ice Cave and Wizlab.

You collected 3282 gold pieces.
You spent 2011 gold pieces at shops.

Inventory:

Hand Weapons
 o - a +2 demon trident of venom
 p - a +8 demon trident of draining (weapon)
Armour
 g - +0 fire dragon scales (worn)
 i - a +2 crystal plate armour
 n - a +0 cloak (worn)
 r - a +2 large shield (worn)
 T - a +0 helmet of intelligence (worn)
 V - a +2 plate armour of cold resistance
 X - a +2 pair of gloves (worn)
Jewellery
 j - a ring of protection from magic (left hand)
 s - an uncursed ring of see invisible
 z - an uncursed ring of protection from fire {unknown}
 C - a +3 ring of protection
 G - an uncursed ring of fire
 M - an amulet of regeneration (around neck)
 U - a ring of protection from cold (right hand)
Wands
 a - a wand of hasting (8/9)
 f - a wand of disintegration (12/24)
 k - a wand of paralysis (7/24)
 u - a wand of confusion (7/48)
 y - a wand of lightning (7/15)
 E - a wand of acid (6/15)
 I - a wand of paralysis (16/24)
 R - a wand of hasting (1/9)
Scrolls
 d - 5 scrolls of recharging
 h - 14 scrolls of remove curse
 t - 8 scrolls of fog
 x - 2 scrolls of enchant armour
 F - 3 scrolls of identify
 O - 2 scrolls of immolation
 Z - a scroll of magic mapping
Potions
 b - 4 potions of berserk rage
 e - 6 potions of curing
 m - 2 potions of lignification
 q - 2 potions of haste
 A - a potion of resistance
 B - a potion of cancellation
 D - 3 potions of agility
 H - 2 potions of flight
 L - 3 potions of ambrosia
 N - 3 potions of might
 S - 2 potions of cure mutation
Comestibles
 c - 10 bread rations
 l - 4 meat rations
 v - 20 chunks of flesh


   Skills:
 - Level 15.0 Fighting
 - Level 19.0 Polearms
 - Level 16.0 Armour
 + Level 11.9 Dodging
 + Level 21.2 Shields
 - Level 8.0 Evocations


You had 19 spell levels left.
You didn't know any spells.

Dungeon Overview and Level Annotations

Branches:
Dungeon (15/15)            Temple (0/1) D:4            Lair (6/6) D:11
 Shoals (4/4) Lair:4       Spider (2/4) Lair:4        Slime (0/5) Lair:5
    Orc (2/2) D:12            Elf (3/3) Orc:2        Vaults (0/5) D:14
 Depths (0/5) D:15

Altars:
Ashenzari
Cheibriados
Elyvilon
Hepliaklqana
Makhleb
Nemelex Xobeh
Okawaru
Qazlal
Ru
Sif Muna
Trog
Uskayaw
Vehumet
Xom
Zin
Beogh
Jiyva

Shops:
D:11 %   D:12 *   D:14 *   Orc:2 *(:*[   Elf:2 !   Elf:3 %

Annotations:
Lair:5 1 runed door


Innate Abilities, Weirdness & Mutations

You are partially covered in molten scales. (AC +2)
You occasionally shout uncontrollably at your foes.


Message History

The deep elf annihilator hits you but does no damage.
You block the deep elf death mage's attack.
The ghostly deep elf blademaster hits you but does no damage.
You block the ghostly deep elf blademaster's attack.
The deep elf demonologist casts a spell.
You feel better.
You block the ghostly deep elf blademaster's attack.
The ghostly deep elf blademaster hits you with a quick blade.
* * * LOW HITPOINT WARNING * * *
The deep elf death mage mumbles some strange words.
The corpses begin to drag themselves along the ground!
You block the deep elf annihilator's attack.
The deep elf death mage hits you but does no damage.
You block the ghostly deep elf blademaster's attack. x2
The deep elf death mage hits you but does no damage.
The ghostly deep elf blademaster barely misses you.
The ghostly deep elf blademaster hits you with a quick blade!
* * * LOW HITPOINT WARNING * * *
The deep elf death mage is infused with unholy energy.
You die...

#####..........#####
###8#.#.#.#.#......##
######)...((..........
#########)####.....#..
##8###.......###...##.
######(.........###..##
#######x...#.......##...
###8###ee..#....... ##..
8######@#)..##.......#..
##### #e##...##.##...##.
#### eee##...#...#.. #.
#.. e1e44#.......##..##
.. ##3e35##.......#.. #
. ##25..#####.....8.#
###.8)## #..(..# .##).)
#....' ...##}} #....#


You could see a Hell Sentinel, a ghostly deep elf blademaster, a deep elf master
archer (inner flame), a ghostly deep elf master archer, a deep elf annihilator
(inner flame), 2 deep elf death magi, a deep elf elementalist (inner flame), 2
deep elf demonologists, a hellwing, a tormentor, 2 ynoxinuls, a chaos spawn, 2
ufetubi and a crawling corpse.

Vanquished Creatures
  A moon troll (WizLab)
  2 quicksilver dragons (WizLab)
  2 deep elf blademasters (Elf:3)
  A deep elf master archer (Elf:3)
  Gastronok (Orc:1)
  10 tentacled starspawn (WizLab)
  Kirke (D:12)
  Ilsuiw (Shoals:4)
  2 frost giants
  The ghost of AAAAA the Spear-Bearer, a journeyman DgSk (D:15)
  2 ghost moths (Lair:4)
  A cacodemon (WizLab)
  4 deep elf sorcerers
  3 deep elf elementalists
  Louise (Shoals:2)
  3 stone giants (WizLab)
  10 very ugly things (WizLab)
  2 war gargoyles (WizLab)
  The ghost of eggzz the Impaler, a journeyman MfSk of Nemelex Xobeh (Orc:2)
  2 entropy weavers (Lair:4)
  The ghost of TheSquall the Carver, a journeyman MiFi of Okawaru (D:15)
  4 deep elf annihilators (Elf:3)
  Azrael (D:12)
  4 merfolk javelineers
  An ettin (D:12)
  4 deep elf death magi (Elf:3)
  The ghost of eggzz the Thaumaturge, a journeyman DEFE of Vehumet (Lair:6)
  14 merfolk impalers
  4 vault guards (D:14)
  The ghost of supermoro the Protected, a journeyman MiFi of Okawaru (Lair:3)
  2 deep elf high priests (Elf:3)
  4 great orbs of eyes (WizLab)
  A yaktaur captain (D:14)
  The ghost of efeel the Arsonist, a journeyman OpFE of Vehumet (Lair:1)
  7 hydras
  5 catoblepae
  9 merfolk aquamancers
  4 centaur warriors
  4 merfolk avatars
  An ogre mage (D:15)
  3 alligator snapping turtles
  25 dancing weapons
  2 satyrs (Shoals:4)
  5 tengu warriors
  An orc high priest (Orc:2)
  21 death yaks
  19 deep elf knights
  The ghost of AAAAA the Ogre Mage, a novice OgAM of Okawaru (D:6)
  A deep troll (D:14)
  4 unseen horrors
  8 hill giants
  3 glowing orange brains (WizLab)
  15 sea snakes
  An orange crystal statue (WizLab)
  9 deep elf archers
  Pikel (D:5)
  A hill giant (shapeshifter) (D:15)
  7 orc knights
  A wolf spider zombie (D:14)
  15 ugly things
  An orb spider (Spider:1)
  5 harpies
  4 cyclopes
  An orb spider (shapeshifter) (D:13)
  47 deep elf magi
  5 wolf spiders
  5 orc sorcerers
  13 manticores
  18 fauns
  Maurice (D:8)
  12 sirens
  5 black mambas
  Joseph (D:9)
  4 eyes of devastation (WizLab)
  11 water nymphs
  An ice statue (IceCv)
  12 spiny frogs
  7 elephants
  2 gargoyles
  2 torpor snails
  A rime drake (IceCv)
  A freezing wraith (D:12)
  2 ice devils (Orc:2)
  A demonic crawler (Spider:1)
  6 komodo dragons
  6 jumping spiders
  3 meliai (D:14)
  A hornet (D:11)
  18 polar bears
  21 merfolk
  2 slime creatures
  6 trolls
  4 two-headed ogres
  11 wind drakes
  Prince Ribbit (D:5)
  Grinder (D:5)
  22 blink frogs
  12 hippogriffs
  13 snapping turtles
  12 dream sheep
  A meliai zombie (D:14)
  2 starcursed masses (WizLab)
  Sigmund (D:6)
  7 tarantellas
  19 redbacks
  17 water elementals
  2 wraiths (D:11)
  2 air elementals
  A basilisk (Lair:6)
  2 hogs (D:12)
  72 yaks
  Eustachio (D:5)
  3 neqoxecs (WizLab)
  Grum (D:9)
  3 fire elementals
  A steam dragon (D:11)
  6 vampire mosquitoes
  2 hungry ghosts
  9 golden eyes (WizLab)
  6 wargs
  Menkaure (D:7)
  A soldier ant (D:10)
  A harpy simulacrum (D:11)
  A mottled dragon (D:13)
  Duvessa (D:3)
  11 porcupines
  16 water moccasins
  4 hell hounds (D:12)
  34 orc warriors
  5 ice beasts
  3 sky beasts
  A slave (D:5)
  3 black bears (D:9)
  6 phantoms
  10 ogres
  19 wolves
  A boggart (D:14)
  15 centaurs
  16 crocodiles
  4 big kobolds
  19 bullfrogs
  A wyvern zombie (D:9)
  4 earth elementals
  4 scorpions
  Dowan (D:4)
  6 killer bees (D:8)
  4 howler monkeys
  12 wights
  6 electric eels
  15 crimson imps
  3 centaur zombies
  2 quasits
  6 jellies
  2 bullfrog zombies
  4 hounds
  21 orc priests
  2 bullfrog skeletons
  2 centaur skeletons
  34 orc wizards
  2 iguanas (D:6)
  13 worker ants
  A hound skeleton (D:9)
  A howler monkey zombie (D:5)
  13 adders
  4 shadow imps
  An ooze (D:3)
  An adder zombie (D:5)
  2 worms (D:3)
  2 dart slugs (D:2)
  4 leopard geckos
  78 orcs
  2 giant cockroaches
  A goblin (D:2)
  5 hobgoblins
  18 jackals
  5 quokkas
  3 ball pythons
  9 bats
  3 frilled lizards
  A jackal skeleton (D:5)
  18 kobolds
  A leopard gecko skeleton (D:4)
  7 rats
  A bush (D:12)
  2 butterflies (Lair:4)
  A plant (Shoals:2)
  7 starspawn tentacles (WizLab)
1233 creatures vanquished.

Vanquished Creatures (collateral kills)
  Saint Roka (Orc:2)
  The ghost of TheSquall the Slayer, an adept MiFi of Okawaru (Elf:2)
  Polyphemus (Shoals:2)
  An emperor scorpion (Lair:4)
  An orc warlord (Orc:1)
  A merfolk javelineer (Shoals:4)
  A merfolk aquamancer (Shoals:4)
  An alligator snapping turtle (Shoals:2)
  4 dancing weapons (Elf:2)
  2 deep elf knights (Elf:2)
  A sea snake (Shoals:2)
  A deep elf archer (Elf:2)
  2 harpies (Shoals:2)
  5 deep elf magi
  3 fauns (Shoals:2)
  A manticore (Shoals:4)
  2 sirens (Shoals:2)
  A water nymph (Shoals:4)
  A merfolk (Shoals:4)
  2 blink frogs (Lair:4)
  A water elemental (Shoals:4)
  6 starcursed masses (WizLab)
40 creatures vanquished.

Vanquished Creatures (others)
  A deep elf demonologist (Elf:2)
  2 deep elf knights (Elf:2)
  2 deep elf magi
  A water nymph (Shoals:4)
  3 humans (D:12)
  A slave (D:5)
  A crimson imp (D:5)
  A worker ant (D:5)
  2 demonic plants (WizLab)
  8 fungi
  8 plants
  29 starspawn tentacles (WizLab)
59 creatures vanquished.

Grand Total: 1332 creatures vanquished

Notes
Turn   | Place    | Note
-------+----------+-------------------------------------------
     0 | D:1      | GordonOverkill the Hill Orc Berserker began the quest for the Orb.
     0 | D:1      | Reached XP level 1. HP: 19/19 MP: 1/1
    30 | D:1      | Reached XP level 2. HP: 18/27 MP: 2/2
   929 | D:2      | Reached XP level 3. HP: 33/33 MP: 3/3
  1501 | D:2      | Reached ** piety under Trog
  1988 | D:3      | Reached XP level 4. HP: 39/40 MP: 4/4
  2536 | D:3      | Found a hazy altar of Hepliaklqana.
  2884 | D:4      | Reached skill level 5 in Polearms
  2884 | D:4      | Reached XP level 5. HP: 47/47 MP: 5/5
  2890 | D:4      | Reached skill level 5 in Fighting
  2935 | D:4      | Noticed Dowan
  2937 | D:4      | Noticed Duvessa
  2940 | D:4      | Killed Dowan
  2940 | D:4      | Reached XP level 6. HP: 56/56 MP: 6/6
  3031 | D:3      | Killed Duvessa
  3031 | D:3      | Reached *** piety under Trog
  3300 | D:4      | Found a staircase to the Ecumenical Temple.
  3503 | D:4      | Reached XP level 7. HP: 41/62 MP: 7/7
  3994 | D:5      | Entered Level 5 of the Dungeon
  4010 | D:5      | Found a sparkling altar of Nemelex Xobeh.
  4156 | D:5      | Found a shimmering altar of Xom.
  4156 | D:5      | Found a shimmering altar of Xom.
  4160 | D:5      | Found a shimmering altar of Xom.
  4198 | D:5      | Found a shimmering altar of Xom.
  4246 | D:5      | Noticed Eustachio
  4261 | D:5      | Killed Eustachio
  4534 | D:5      | Noticed Grinder
  4579 | D:5      | Reached skill level 5 in Armour
  4600 | D:5      | Noticed Pikel
  4608 | D:5      | Killed Grinder
  4608 | D:5      | Reached XP level 8. HP: 65/71 MP: 8/8
  4625 | D:5      | Killed Pikel
  5232 | D:5      | Found a deep blue altar of Sif Muna.
  5263 | D:5      | Reached XP level 9. HP: 57/80 MP: 9/9
  5530 | D:5      | Noticed Prince Ribbit
  5562 | D:5      | Killed Prince Ribbit
  5937 | D:6      | Noticed AAAAA's ghost (novice OgAM)
  5974 | D:6      | Killed AAAAA's ghost
  5974 | D:6      | Reached skill level 10 in Polearms
  6785 | D:6      | Noticed Sigmund
  6791 | D:6      | Killed Sigmund
  7611 | D:7      | Noticed Menkaure
  7616 | D:7      | Killed Menkaure
  7667 | D:7      | Noticed a komodo dragon
  7682 | D:7      | Killed a komodo dragon
  7682 | D:7      | Reached XP level 10. HP: 72/91 MP: 10/10
  8021 | D:7      | Reached **** piety under Trog
  8189 | D:7      | Noticed an angel
  8194 | D:7      | Found a glowing silver altar of Zin.
  8471 | D:7      | Found a stormy altar of Qazlal.
  8472 | D:7      | Found an iron altar of Okawaru.
  9077 | D:8      | Found a sacrificial altar of Ru.
  9077 | D:8      | Found a radiant altar of Vehumet.
  9088 | D:8      | Found a hide-covered altar of Uskayaw.
  9090 | D:8      | Found a shattered altar of Ashenzari.
  9091 | D:8      | Found a white marble altar of Elyvilon.
  9209 | D:8      | Reached skill level 1 in Shields
  9326 | D:8      | Noticed Maurice
  9517 | D:8      | Killed Maurice
  9517 | D:8      | Reached skill level 10 in Fighting
  9574 | D:9      | Reached skill level 2 in Shields
  9684 | D:9      | Reached ***** piety under Trog
  9694 | D:9      | Noticed Joseph
  9720 | D:9      | Killed Joseph
  9848 | D:9      | Noticed Grum
  9872 | D:9      | Reached skill level 3 in Shields
  9885 | D:9      | Killed Grum
 10296 | D:9      | Found a burning altar of Makhleb.
 10435 | D:9      | Reached XP level 11. HP: 101/101 MP: 11/11
 10881 | D:10     | Entered Level 10 of the Dungeon
 11014 | D:10     | Reached skill level 4 in Shields
 11878 | D:10     | Noticed a hill giant
 11899 | D:10     | Killed a hill giant
 12125 | D:11     | Noticed a hill giant
 12140 | D:11     | Killed a hill giant
 12221 | D:11     | Received a gift from Trog
 12426 | D:11     | Noticed a white ugly thing
 12430 | D:11     | Noticed a four-headed hydra
 12469 | D:10     | Killed a white ugly thing
 12800 | D:11     | Killed a one-headed hydra
 12800 | D:11     | Reached skill level 5 in Shields
 12941 | D:11     | Found a staircase to the Lair.
 12990 | D:11     | Noticed a hill giant
 13128 | D:10     | Killed a hill giant
 13563 | D:11     | Noticed an unseen horror
 13585 | D:11     | Killed an unseen horror
 13742 | D:11     | Noticed a hill giant
 13767 | D:11     | Killed a hill giant
 13767 | D:11     | Reached skill level 10 in Armour
 13812 | D:11     | Found Rutom's Food Emporium.
 13862 | D:11     | Reached XP level 12. HP: 87/110 MP: 12/12
 14054 | D:11     | Reached skill level 6 in Shields
 14978 | Lair:1   | Entered Level 1 of the Lair of Beasts
 15013 | Lair:1   | Noticed efeel's ghost (journeyman OpFE)
 15032 | Lair:1   | Killed efeel's ghost
 15811 | Lair:1   | Noticed a seven-headed hydra
 16232 | Lair:1   | Killed a one-headed hydra
 16362 | Lair:1   | Reached skill level 7 in Shields
 16423 | Lair:1   | Found a glowing silver altar of Zin.
 16587 | Lair:1   | Noticed a seven-headed hydra
 16597 | Lair:1   | Killed a one-headed hydra
 17000 | Lair:2   | Received a gift from Trog
 17014 | Lair:2   | Reached skill level 15 in Polearms
 17932 | Lair:3   | Noticed supermoro's ghost (journeyman MiFi)
 18032 | Lair:3   | Killed supermoro's ghost
 18032 | Lair:3   | Reached skill level 8 in Shields
 18203 | Lair:3   | Noticed a death yak
 18229 | Lair:3   | Killed a death yak
 18424 | Lair:3   | Reached XP level 13. HP: 107/116 MP: 13/13
 18980 | Lair:3   | Found a snail-covered altar of Cheibriados.
 19327 | Lair:4   | Found a hole to the Spider Nest.
 19541 | Lair:4   | Found a staircase to the Shoals.
 19615 | Lair:4   | Reached skill level 5 in Dodging
 19757 | Lair:4   | Reached skill level 9 in Shields
 20365 | Lair:5   | Found a runed door.
 20368 | Lair:5   | Noticed an acid blob
 20370 | Lair:5   | Noticed an acid blob
 20371 | Lair:5   | Found a viscous altar of Jiyva.
 21656 | Lair:5   | Found a staircase to the Slime Pits.
 21656 | Lair:5   | Noticed an acid blob
 21711 | Lair:6   | Entered Level 6 of the Lair of Beasts
 22373 | Lair:6   | Reached skill level 10 in Shields
 22389 | Lair:6   | Reached XP level 14. HP: 124/124 MP: 14/14
 22648 | Lair:6   | Reached ****** piety under Trog
 22872 | Lair:6   | Received a gift from Trog
 22891 | Lair:6   | Noticed eggzz's ghost (journeyman DEFE)
 23317 | Lair:6   | Received a gift from Trog
 23558 | Lair:6   | Killed eggzz's ghost
 23969 | Lair:6   | Reached skill level 11 in Shields
 25493 | D:12     | Noticed Kirke
 25536 | D:12     | Killed Kirke
 25536 | D:12     | Reached XP level 15. HP: 131/132 MP: 5/15
 25598 | D:12     | Found a staircase to the Orcish Mines.
 25949 | D:12     | Noticed Azrael
 25987 | D:12     | Killed Azrael
 26211 | D:12     | Found Okounioc's General Store.
 27443 | D:13     | Reached skill level 1 in Evocations
 27478 | D:13     | Reached skill level 12 in Shields
 27993 | Orc:1    | Entered Level 1 of the Orcish Mines
 28462 | Orc:1    | Received a gift from Trog
 28493 | Orc:1    | Noticed Gastronok
 28522 | Orc:1    | Killed Gastronok
 29051 | Orc:1    | Found a bloodstained altar of Trog.
 29150 | Orc:2    | Entered Level 2 of the Orcish Mines
 29303 | Orc:2    | Found a staircase to the Elven Halls.
 29330 | Orc:2    | Found a frozen archway.
 29388 | IceCv    | Entered an ice cave
 29987 | IceCv    | Identified Sif Muna's Papyrus of Shifting Beguiling
 30278 | IceCv    | Noticed a frost giant
 30318 | IceCv    | Killed a frost giant
 30346 | IceCv    | Reached skill level 13 in Shields
 30486 | IceCv    | Received a gift from Trog
 30591 | Orc:2    | Noticed eggzz's ghost (journeyman MfSk)
 30618 | Orc:2    | Noticed an orc warlord
 30646 | Orc:1    | Reached skill level 5 in Evocations
 30996 | Orc:2    | Killed eggzz's ghost
 31035 | Orc:1    | Killed an orc warlord
 31277 | Orc:2    | Found Nidghiwk's Assorted Antiques.
 31310 | Orc:2    | Bought a sedimented blue potion for 27 gold pieces
 31382 | Orc:1    | Reached XP level 16. HP: 145/145 MP: 20/20
 31611 | Orc:2    | Gained mutation: Your magical capacity is low. (-10% MP) [a neqoxec]
 31815 | Orc:2    | Noticed Saint Roka
 31993 | Orc:2    | Killed Saint Roka
 32278 | Orc:2    | Found a roughly hewn altar of Beogh.
 32753 | Orc:2    | Found Qogaschofiu's Antique Weapon Shoppe.
 32769 | Orc:2    | Found Ceyfeqavu's Book Shoppe.
 32779 | Orc:2    | Received a gift from Trog
 32796 | Orc:2    | Found Xeduq's Antique Armour Shoppe.
 32812 | Orc:2    | Found Ycusy's General Store.
 32820 | Orc:2    | Bought a potion of flight for 36 gold pieces
 32836 | Orc:2    | Bought a shiny plate armour for 725 gold pieces
 32836 | Orc:2    | Bought a pair of glowing gloves for 262 gold pieces
 32846 | Orc:2    | Bought a pair of glowing gloves for 262 gold pieces
 34099 | D:14     | Found a gate to the Vaults.
 34258 | D:14     | Reached skill level 14 in Shields
 34393 | D:14     | Received a gift from Trog
 34633 | D:14     | Found Pisheuza's General Store.
 34692 | D:14     | Bought a scroll of enchant armour for 127 gold pieces
 34738 | D:15     | Entered Level 15 of the Dungeon
 34952 | D:15     | Reached skill level 15 in Fighting
 35041 | D:15     | Noticed TheSquall's ghost (journeyman MiFi)
 35063 | D:15     | Killed TheSquall's ghost
 35103 | D:15     | Found a bloodstained altar of Trog.
 35526 | D:15     | Noticed AAAAA's ghost (journeyman DgSk)
 35566 | D:15     | Killed AAAAA's ghost
 35854 | D:15     | Found a staircase to the Depths.
 36475 | Spider:1 | Entered Level 1 of the Spider Nest
 36764 | Spider:1 | Reached XP level 17. HP: 156/156 MP: 20/20
 36891 | Spider:1 | Received a gift from Trog
 36891 | Spider:1 | Reached skill level 15 in Shields
 37796 | Shoals:1 | Entered Level 1 of the Shoals
 38780 | Shoals:1 | Received a gift from Trog
 39163 | Shoals:2 | Reached skill level 16 in Shields
 39219 | Shoals:2 | Noticed Polyphemus
 39238 | Shoals:2 | Killed Polyphemus
 40085 | Shoals:2 | Received a gift from Trog
 40609 | Shoals:2 | Noticed Louise
 40634 | Shoals:2 | Killed Louise
 41051 | Shoals:2 | Reached XP level 18. HP: 123/163 MP: 7/21
 41892 | Shoals:3 | Reached skill level 17 in Shields
 42186 | Shoals:4 | Entered Level 4 of the Shoals
 42457 | Shoals:4 | Noticed Ilsuiw
 42890 | Shoals:4 | Killed Ilsuiw
 43440 | Shoals:4 | Reached skill level 15 in Armour
 44017 | Shoals:4 | Got a barnacled rune of Zot
 44332 | Shoals:4 | Reached skill level 18 in Shields
 44457 | Shoals:4 | Got a bronze scale mail
 44458 | Shoals:4 | Identified the +0 scale mail of Vexation {rPois rN++ Int-3 Slay-5} (You found it on level 4 of the Shoals)
 44944 | Shoals:4 | Received a gift from Trog
 45349 | Elf:1    | Entered Level 1 of the Elven Halls
 46520 | Elf:2    | Reached XP level 19. HP: 170/170 MP: 22/22
 46696 | Elf:2    | Found Ycruachi's Distillery.
 46772 | Elf:2    | Received a gift from Trog
 46821 | Elf:2    | Bought a potion of beneficial mutation for 385 gold pieces
 46821 | Elf:2    | Bought a potion of heal wounds for 55 gold pieces
 46821 | Elf:2    | Bought 2 potions of might for 88 gold pieces
 46821 | Elf:2    | Bought a potion of agility for 44 gold pieces
 46822 | Elf:2    | Gained mutation: You are partially covered in molten scales. (AC +2) [potion of beneficial mutation]
 46922 | Elf:2    | Found a magical portal.
 46933 | WizLab   | Entered Lehudib's Moon Base
 47139 | WizLab   | Reached skill level 19 in Shields
 47280 | WizLab   | Paralysed by accursed screaming for 2 turns
 47636 | WizLab   | Paralysed by a great orb of eyes for 6 turns
 47649 | WizLab   | Paralysed by a great orb of eyes for 5 turns
 47789 | WizLab   | Gained mutation: Scrolls take you a little longer to read. [a neqoxec]
 47792 | WizLab   | Gained mutation: You occasionally shout uncontrollably at your foes. [a neqoxec]
 48350 | WizLab   | Gained mutation: Your spells are a little easier to cast, but a little less powerful. [a neqoxec]
 48352 | WizLab   | Gained mutation: You tend to lose your temper in combat. [a neqoxec]
 48366 | WizLab   | Lost mutation: Scrolls take you a little longer to read. [potion of cure mutation]
 48366 | WizLab   | Lost mutation: Your magical capacity is low. (-10% MP) [potion of cure mutation]
 48366 | WizLab   | Lost mutation: Your spells are a little easier to cast, but a little less powerful. [potion of cure mutation]
 48366 | WizLab   | Lost mutation: You tend to lose your temper in combat. [potion of cure mutation]
 48560 | WizLab   | Reached skill level 10 in Dodging
 49155 | WizLab   | Reached skill level 20 in Shields
 49155 | WizLab   | Reached XP level 20. HP: 178/178 MP: 26/26
 49674 | Elf:2    | Found a huge runed gate.
 49674 | Elf:2    | Found a huge runed gate.
 49674 | Elf:2    | Found a huge runed gate.
 49674 | Elf:2    | Found a huge runed gate.
 49676 | Elf:2    | Found a huge runed gate.
 50163 | Elf:2    | Noticed TheSquall's ghost (adept MiFi)
 50236 | Elf:2    | Killed TheSquall's ghost
 50552 | Elf:3    | Entered Level 3 of the Elven Halls
 51543 | Elf:3    | Found Lugywk's Food Shoppe.
 51688 | Elf:3    | Received a gift from Trog
 52207 | Elf:3    | Reached skill level 21 in Shields
 52477 | Elf:3    | HP: 7/178 [deep elf annihilator/crystal spear (34)]
 52479 | Elf:3    | Killed from afar by a deep elf death mage

Skill      XL: |  1  2  3  4  5  6  7  8  9 10 11 12 13 14 15 16 17 18 19 20 |
---------------+-------------------------------------------------------------+-----
Fighting       | 4 5 6 7 9 10 11 12 13 15 | 15.0
Polearms       | 4 5 6 7 9 11 12 13 15 17 18 19 | 19.0
Armour         | 3 4 5 6 7 8 10 11 13 16 | 16.0
Shields        | 3 5 8 10 11 13 14 16 18 20 21 | 21.2
Dodging        | 4 6 7 10 11 | 11.9
Evocations     | 5 8 |  8.0

Action                   |  1- 3 |  4- 6 |  7- 9 | 10-12 | 13-15 | 16-18 | 19-21 || total
-------------------------+-------+-------+-------+-------+-------+-------+-------++-------
Melee: Spear             |   167 |   158 |   311 |   860 |  2796 |       |       ||  4292
       Trident           |       |       |    75 |   353 |   180 |  2920 |       ||  3528
       Falchion          |       |       |       |    30 |    21 |       |       ||    51
       Scimitar          |       |       |       |       |     8 |       |       ||     8
       Demon trident     |       |       |       |       |       |   567 |  1215 ||  1782
Invok: Berserk           |     3 |     5 |     9 |    17 |    31 |    19 |     6 ||    90
       Trog's Hand       |       |       |     3 |       |     3 |    17 |    16 ||    39
       Burn Spellbooks   |       |       |     1 |     5 |     1 |     5 |     1 ||    13
       Brothers in Arms  |       |       |       |       |     2 |     9 |     5 ||    16
Evoke: Wand              |       |     1 |     6 |       |     1 |     7 |     3 ||    18
  Use: Scroll            |       |     3 |    10 |    18 |    16 |    15 |     5 ||    67
       Potion            |       |       |     1 |       |     8 |    10 |     9 ||    28
 Stab: Distracted        |       |       |     1 |       |       |     1 |     1 ||     3
       Paralysed         |       |       |     7 |       |       |       |       ||     7
       Petrified         |       |       |       |       |     7 |       |       ||     7
       Petrifying        |       |       |       |       |     1 |       |       ||     1
  Eat: Chunk             |     6 |     9 |    11 |    38 |    54 |    59 |    15 ||   192
       Beef jerky        |       |       |     3 |     1 |     2 |     1 |       ||     7
       Pizza             |       |       |     1 |     1 |     1 |     1 |     1 ||     5
       Meat ration       |       |       |     1 |     3 |       |       |     3 ||     7
       Fruit             |       |       |       |     1 |    26 |    17 |     2 ||    46
Armor: Animal skin       |     7 |       |       |       |       |       |       ||     7
       Ring mail         |    39 |    35 |       |       |       |       |       ||    74
       Scale mail        |       |    17 |    93 |       |       |       |       ||   110
       Chain mail        |       |       |    18 |     1 |       |       |       ||    19
       Plate armour      |       |       |       |   371 |   581 |   952 |   184 ||  2088
       Fire dragon scale |       |       |       |       |       |       |    43 ||    43
Dodge: Dodged            |    90 |    74 |   112 |   102 |   289 |   429 |   201 ||  1297
Block: Large shield      |       |       |       |   615 |  1903 |  2624 |   753 ||  5895
       Rpst.: Falchion   |       |       |       |       |     1 |       |       ||     1
